 Dungeon Crawl Stone Soup version 0.29.0-13-gc9e81de378 (webtiles) character file.

Game seed: 14951610922009610091

94 Quickbrownfox the Chiller (level 4, 0/30 HPs)
             Began as a Demonspawn Ice Elementalist on Sept 7, 2022.
             Was an Initiate of Vehumet.
             Slain by a black bear (3 damage)
             ... on level 4 of the Dungeon.
             The game lasted 00:03:56 (3737 turns).

Quickbrownfox the Chiller (DsIE)                    Turns: 3737, Time: 00:03:57

Health: 0/30       AC:  2    Str:  8    XL:     4   Next: 38%
Magic:  8/8        EV: 12    Int: 18    God:    Vehumet [......]
Gold:   194        SH:  5    Dex: 14    Spells: 1/8 levels left

rFire   . . .      SeeInvis .   d - +0 sling
rCold   . . .      Faith    .   (no shield)
rNeg    . . .      Spirit   .   a - +0 robe
rPois   .          Reflect  +   (helmet restricted)
rElec   .          Harm     .   (no cloak)
rCorr   .          Rampage  .   (no gloves)
Will    .....                   (no boots)
Stlth   ++........              j - amulet of reflection
HPRegen 0.10/turn               (no ring)
MPRegen 0.11/turn               (no ring)

@: no status effects
A: horns 1, weakness stinger 2
a: Renounce Religion


You were on level 4 of the Dungeon.
You worshipped Vehumet.
Vehumet was noncommittal.
You visited 1 branch of the dungeon, and saw 4 of its levels.

You collected 194 gold pieces.

Inventory:

Hand Weapons
 d - a +0 sling (weapon)
Missiles
 h - 24 stones
Armour
 a - a +0 robe (worn)
Jewellery
 j - an amulet of reflection (around neck)
Scrolls
 g - a scroll of enchant armour
 l - 2 scrolls of fear
Potions
 b - 2 potions of magic
 c - 2 potions of heal wounds
 f - 4 potions of curing
 i - 3 potions of haste
 k - a potion of ambrosia


   Skills:
 + Level 0.1 Fighting
 + Level 0.5 Ranged Weapons
 + Level 1.8 Dodging
 + Level 1.8 Stealth
 + Level 0.1 Shields
 + Level 2.8 Spellcasting
 + Level 4.7 Ice Magic


You had one spell level left.
You knew the following spells:

 Your Spells              Type           Power      Damage    Failure   Level
a - Freeze                Ice            76%        1d9       2%          1
b - Frozen Ramparts       Ice            38%        1d6       7%          3
c - Ozocubu's Armour      Ice            19%        N/A       7%          3

Your spell library contained the following spells:

 Spells                   Type           Power      Damage    Failure   Level
 Necrotise                Necr           8%         1d4       17%         1
 Blink                    Tloc           4%         N/A       26%         2
 Hailstorm                Conj/Ice       11%        3d5       52%         4
 Ice Form                 Ice/Tmut       11%        N/A       52%         4
 Manifold Assault         Tloc           2%         N/A       99%         5
 Simulacrum               Ice/Necr       5%         N/A       100%        6
 Storm Form               Tmut/Air       1%         N/A       100%        7


Dungeon Overview and Level Annotations

Branches:
Dungeon (4/15)
 Temple: D:4-7

Altars:
Kikubaaqudgha
Qazlal
Sif Muna
Vehumet
Yredelemnul


Innate Abilities, Weirdness & Mutations

You have a pair of small horns on your head.
You have a tail ending in a sharp stinger.


Message History

The frozen ramparts melt away.
You now have 194 gold pieces (gained 11).
You open the door.
There is an open door here.
A hobgoblin comes into view.
A hobgoblin is nearby!
You shoot a sling bullet. The hobgoblin shouts!
The sling bullet hits the hobgoblin but does no damage.
You hear an angry growl.
A black bear comes into view.
You shoot a sling bullet.
The sling bullet hits the hobgoblin but does no damage.
You shoot a sling bullet.
The sling bullet hits the hobgoblin but does no damage.
You shoot a sling bullet.
The sling bullet hits the hobgoblin but does no damage.
You shoot a sling bullet. The sling bullet hits the hobgoblin.
The hobgoblin is almost dead.
The hobgoblin hits you but does no damage.
You shoot a sling bullet.
The sling bullet barely misses the hobgoblin.
The black bear closely misses you. The black bear claws you. x2
The hobgoblin hits you. The hobgoblin attacks as you move away!
The hobgoblin hits you.
The black bear attacks as you move away!
The black bear bites you. The black bear misses you. The black bear claws you.
* * * LOW HITPOINT WARNING * * *
The hobgoblin attacks as you move away! The hobgoblin hits you.
* * * LOW HITPOINT WARNING * * *
A ball python comes into view.
The black bear attacks as you move away!
The black bear bites you.
* * * LOW HITPOINT WARNING * * *
The black bear barely misses you. You block the black bear's attack.
The hobgoblin attacks as you move away! The hobgoblin hits you.
* * * LOW HITPOINT WARNING * * *
The black bear attacks as you move away!
The black bear closely misses you. The black bear claws you.
You die...

. #................ #. .....#
.../... ##.##..#.# ##...####.#
......#.# #.........# #.#...#.#
#..S.#.#### #.#...#.# ##....#.#
# #.....#.# #....##.#####
#.#.....<.# #hg##.......#
#.###..#### #@.##.#.###.#
####......# #.......###.####
.........#######.###.##.......#
######.......##.###.##.##.##.#
#.##....[....#.##.##.##.##
#.##.##.#....>.......##..#
#.##....#.##..###.######.#
#.##.##.#.........# #.#
#.......#.##..##########.#


You could see a black bear, a hobgoblin and a ball python.

Vanquished Creatures
  4 adders
  3 worms
  3 dart slugs
  5 ball pythons
  2 endoplasms
  A giant cockroach (D:1)
  5 goblins
  4 hobgoblins
  3 quokkas
  4 bats
  4 frilled lizards
  4 kobolds
  3 rats
45 creatures vanquished.

Notes
Turn   | Place    | Note
-------+----------+-------------------------------------------
     0 | D:1      | Quickbrownfox the Demonspawn Ice Elementalist began the
                  | quest for the Orb.
     0 | D:1      | Reached XP level 1. HP: 13/13 MP: 3/3
   410 | D:1      | Reached skill level 4 in Ice Magic
   625 | D:1      | Discovered your monstrous ancestry.
   625 | D:1      | Gained mutation: You have a small tail. [demonic ancestry]
   625 | D:1      | Reached XP level 2. HP: 19/19 MP: 0/5
  1677 | D:2      | Gained mutation: You have a pair of small horns on your
                  | head. [demonic ancestry]
  1677 | D:2      | Reached XP level 3. HP: 24/24 MP: 3/6
  1681 | D:2      | Learned a level 3 spell: Frozen Ramparts
  2449 | D:2      | Gained mutation: You have a tail ending in a sharp stinger.
                  | [demonic ancestry]
  2449 | D:2      | Reached XP level 4. HP: 28/30 MP: 4/8
  2874 | D:3      | Found an ancient bone altar of Kikubaaqudgha.
  2874 | D:3      | Found a shimmering blue altar of Sif Muna.
  2875 | D:3      | Found a radiant altar of Vehumet.
  2878 | D:3      | Got Kikubaaqudgha's Octavo of Death
  2888 | D:3      | Became a worshipper of Vehumet
  2989 | D:3      | Found a basalt altar of Yredelemnul.
  2989 | D:3      | Found a stormy altar of Qazlal.
  3114 | D:3      | Learned a level 3 spell: Ozocubu's Armour
  3191 | D:3      | Found a faded altar of an unknown god.
  3726 | D:4      | Noticed a black bear
  3737 | D:4      | Slain by a black bear

Illustrated notes

Levels and vault maps discovered:
D:1:      ebering_hopf_link, layout_basic
D:2:      layout_basic
D:3:      layout_basic, grunt_temple_overflow_magic_moments,
          mainiacjoe_overflow_divided_tiny, shapermc_ecumenical_altar_notcrosses
D:4:      layout_loops_cross, kennysheep_flooded_box

Skill      XL: |  1 |
---------------+----+-----
Ice Magic      | 4 |  4.7
Fighting       | |  0.1
Ranged Weapons | |  0.5
Dodging        | |  1.8
Stealth        | |  1.8
Shields        | |  0.1
Spellcasting   | |  2.8

Action                   |  1- 3 |  4- 6 || total
-------------------------+-------+-------++-------
Melee: Unarmed           |    12 |       ||    12
       Headbutt          |     3 |       ||     3
       Tailslap          |     1 |       ||     1
 Fire: Sling             |       |    53 ||    53
 Cast: Freeze            |    54 |     4 ||    58
       Frozen Ramparts   |       |     3 ||     3
  Use: Scroll            |       |     7 ||     7
Armor: Robe              |     8 |     3 ||    11
Dodge: Dodged            |    35 |    17 ||    52
Block: Other             |     5 |     6 ||    11
       Reflection        |       |     1 ||     1
